 Dungeon Sprint DCSS version 0.19.1 (webtiles) character file.

11907 equalderp2856 the Eviscerator (level 11, -14/52 HPs)
             Began as a Felid Fighter on Dec 5, 2016.
             Was the Champion of Makhleb.
             Demolished by a wolf spider (23 damage)
             ... in the Dungeon (Sprint IX: "|||||||||||||||||||||||||||||").
             The game lasted 00:15:18 (4182 turns).

equalderp2856 the Eviscerator (Felid Fighter)       Turns: 4182, Time: 00:15:19

Health: -14/52     AC:  9    Str: 14    XL:     11   Next: 55%
Magic:  16/16      EV: 35    Int: 11    God:    Makhleb [******]
Gold:   405        SH:  0    Dex: 17    Spells: 0 memorised, 10 levels left
                                        Lives:  0   Deaths: 2

rFire  . . .     SeeInvis +       - Unarmed
rCold  + . .     Gourm    .     (armour unavailable)
rNeg   . . .     Faith    .     (shield unavailable)
rPois  .         Spirit   .     (helmet unavailable)
rElec  .         Reflect  .     (cloak unavailable)
rCorr  .         Harm     .     (gloves unavailable)
MR     +....     NoTele   +     (boots unavailable)
Stlth  ++++++....               (no amulet)
                                t - +6 ring of protection
                                m - +2 ring of evasion

@: quick
A: no armour, no weapons or thrown items, stealth, claws 1, fangs 3, see
invisible, carnivore 3, speed 1, shaggy fur 3, slow metabolism 1, sharp paws
a: Minor Destruction, Lesser Servant of Makhleb, Major Destruction, Greater
Servant of Makhleb, Renounce Religion


You were in the Dungeon.
You worshipped Makhleb.
Makhleb was exalted by your worship.
You were not hungry.

You visited 1 branch You collected 1917 gold pieces.
You spent 1512 gold pieces at shops.

Inventory:

Jewellery
 g - an uncursed amulet of guardian spirit
 m - a +2 ring of evasion (left paw)
 n - a +3 ring of dexterity
 t - a +6 ring of protection (right paw)
 u - an uncursed ring of protection from fire
 v - an uncursed ring of protection from cold
 w - an uncursed ring of protection from fire
 x - an uncursed ring of poison resistance
Wands
 i - a wand of iceblast (1/15)
 l - a wand of acid (0/15)
Scrolls
 h - 5 scrolls of blinking
 j - 4 scrolls of remove curse
 k - 2 scrolls of amnesia
 q - 2 scrolls of recharging
 r - a scroll of fear
 s - a scroll of identify
Potions
 a - 3 potions of might
 d - a potion of invisibility
 e - a potion of haste
 f - 4 potions of magic
 o - 2 potions of brilliance
 p - 2 potions of agility
 z - a potion of berserk rage
 A - a potion of cure mutation
Comestibles
 b - 13 meat rations


   Skills:
 + Level 8.6 Fighting
 + Level 18.6 Dodging
 + Level 12.3 Stealth
 + Level 25.6 Unarmed Combat
 * Level 4.5 Invocations
 + Level 6.2 Evocations


You had 10 spell levels left.
You didn't know any spells.

Dungeon Overview and Level Annotations

Branches:
Dungeon (1/1)

Altars:
Cheibriados
Dithmenos
Elyvilon
Fedhas
Gozag
Hepliaklqana
Kikubaaqudgha
Makhleb
Nemelex Xobeh
Okawaru
Qazlal
Ru
Sif Muna
Trog
Uskayaw
Vehumet
Xom
Yredelemnul
Zin
The Shining One
Beogh
Jiyva
Lugonu

Shops:
D *=![


Innate Abilities, Weirdness & Mutations

You cannot wear armour.
You are incapable of wielding weapons or throwing items.
Your paws allow you to move quietly. (Stealth)
You have sharp claws.
You have razor-sharp teeth.
You have supernaturally acute eyesight. (SInv)
You are carnivorous and can eat meat at any time.
You cover ground quickly.
Your thick and shaggy fur keeps you warm. (AC +3, rC+)
You have a slow metabolism.
Your sharp claws are effective at attacking unaware monsters.


Message History

A demon appears!
You swap places.
The wolf spider hits your ynoxinul!
The wolf spider barely misses your ynoxinul.
Your ynoxinul gestures at the wolf spider.
The iron shot hits the wolf spider.
The wolf spider barely misses your ynoxinul.
The wolf spider bites your ynoxinul! The wolf spider hits your ynoxinul!
Your ynoxinul dies!
Press: ? - help, Shift-Dir - straight line, f - wolf spider
Aim: a wolf spider (heavily wounded, clinging, hasn't noticed you)
You fail to use your ability.
Press: ? - help, Shift-Dir - straight line, f/p - wolf spider
Aim: a wolf spider (heavily wounded, clinging)
The iron shot misses the wolf spider.
You scratch the wolf spider.
You bite the wolf spider, but do no damage.
The wolf spider is heavily wounded.
The wolf spider hits you!!
You die...

▓▓▓▓▓▓▓▓▓▓▓▓▓▓▓▓▓▓▓▓▓▓▓▓▓▓
▓....s..)†...[..††.....†ys
▓.▓▓▓▓▓▓▓▓▓▓▓▓▓▓▓▓▓▓▓▓▓▓▓▓
▓.......s@))..............
▓▓▓▓▓▓▓▓▓▓▓▓▓▓▓▓▓▓▓▓▓▓▓▓▓▓
▓.........'.....)))))))).[
▓.▓▓▓▓▓▓▓▓▓▓▓▓▓▓▓▓▓▓▓▓▓▓▓▓
▓.........)...............
▓▓▓▓▓▓▓▓▓▓▓▓▓▓▓▓▓▓▓▓▓▓▓▓▓▓
▓..)...(..)..())))).).[..)
▓.▓▓▓▓▓▓▓▓▓▓▓▓▓▓▓▓▓▓▓▓▓▓▓▓
▓..........).....)....)...


You could see a wolf spider.

Vanquished Creatures
  A tengu reaver (D)
  A spark wasp (D)
  A merfolk impaler (D)
  Josephine (D)
  A centaur warrior (D)
  2 hydras (D)
  An alligator snapping turtle (D)
  6 ogre magi (D)
  3 death yaks (D)
  An iron troll (D)
  A fire crab (D)
  2 deep trolls (D)
  A swamp dragon (D)
  2 hill giants (D)
  A shambling mangrove (D)
  2 orc knights (D)
  2 deep elf magi (D)
  A wolf spider (D)
  A manticore (D)
  Maurice (D)
  2 sirens (D)
  3 spiny frogs (D)
  A komodo dragon (D)
  2 jumping spiders (D)
  2 tyrant leeches (D)
  A two-headed ogre (D)
  2 merfolk (D)
  7 trolls (D)
  A polar bear (D)
  A bog body (D)
  2 slime creatures (D)
  A snapping turtle (D)
  A blink frog (D)
  2 hippogriffs (D)
  A shadow (D)
  A vampire (D)
  A water elemental (D)
  6 yaks (D)
  2 basilisks (D)
  4 wraiths (D)
  A fire bat (shapeshifter) (D)
  A hungry ghost (D)
  A vampire mosquito (D)
  2 water moccasins (D)
  2 porcupines (D)
  A swamp drake (D)
  2 sky beasts (D)
  10 orc warriors (D)
  2 ogres (D)
  3 crocodiles (D)
  A centaur (D)
  A bullfrog (D)
  A crimson imp (D)
  3 orc priests (D)
  A hound (D)
  3 orc wizards (D)
  2 adders (D)
  An adder zombie (D)
  7 orcs (D)
  A bat (D)
  3 bat zombies (D)
  A giant cockroach (D)
  A goblin (D)
  2 rats (D)
128 creatures vanquished.

Notes
Turn   | Place    | Note
-------+----------+-------------------------------------------
     0 | D        | equalderp2856 the Felid Fighter began the quest for the Orb.
     0 | D        | Reached XP level 1. HP: 10/10 MP: 2/2
   105 | D        | Noticed a crimson imp
   105 | D        | Noticed an ogre
   150 | D        | Killed a crimson imp
   150 | D        | Reached skill level 5 in Dodging
   150 | D        | Reached skill level 6 in Unarmed Combat
   150 | D        | Reached XP level 2. HP: 7/15 MP: 3/3
   150 | D        | Reached XP level 3. HP: 9/18 MP: 4/4
   156 | D        | Killed an ogre
   156 | D        | Reached skill level 8 in Unarmed Combat
   156 | D        | Reached XP level 4. HP: 8/22 MP: 5/5
   159 | D        | Reached XP level 5. HP: 9/25 MP: 6/6
   353 | D        | Found a roughly hewn altar of Beogh.
   353 | D        | Found a snail-covered altar of Cheibriados.
   353 | D        | Found a shadowy altar of Dithmenos.
   353 | D        | Found a white marble altar of Elyvilon.
   353 | D        | Found a blossoming altar of Fedhas.
   353 | D        | Found an opulent altar of Gozag.
   354 | D        | Found a hazy altar of Hepliaklqana.
   355 | D        | Found a viscous altar of Jiyva.
   356 | D        | Found an ancient bone altar of Kikubaaqudgha.
   357 | D        | Found a corrupted altar of Lugonu.
   358 | D        | Found a burning altar of Makhleb.
   359 | D        | Found a sparkling altar of Nemelex Xobeh.
   360 | D        | Found an iron altar of Okawaru.
   361 | D        | Found a stormy altar of Qazlal.
   362 | D        | Found a sacrificial altar of Ru.
   363 | D        | Found a deep blue altar of Sif Muna.
   368 | D        | Found a bloodstained altar of Trog.
   369 | D        | Found a hide-covered altar of Uskayaw.
   370 | D        | Found a radiant altar of Vehumet.
   371 | D        | Found a shimmering altar of Xom.
   372 | D        | Found a basalt altar of Yredelemnul.
   373 | D        | Found a glowing silver altar of Zin.
   374 | D        | Found a glowing golden altar of the Shining One.
   392 | D        | Became a worshipper of Makhleb the Destroyer
   424 | D        | Noticed an ogre
   424 | D        | Noticed a yak
   424 | D        | Noticed a sky beast
   424 | D        | Noticed a troll
   427 | D        | Reached skill level 9 in Unarmed Combat
   434 | D        | Killed an ogre
   434 | D        | Reached * piety under Makhleb
   434 | D        | Reached skill level 5 in Fighting
   434 | D        | Reached skill level 1 in Stealth
   434 | D        | Reached skill level 10 in Unarmed Combat
   440 | D        | Killed a yak
   440 | D        | Reached skill level 11 in Unarmed Combat
   440 | D        | Gained mutation: You are covered in thick fur. (AC +2) [Felid growth]
   440 | D        | Reached XP level 6. HP: 31/31 MP: 7/7
   446 | D        | Killed a sky beast
   446 | D        | Reached skill level 10 in Dodging
   505 | D        | Killed a troll
   505 | D        | Reached ** piety under Makhleb
   505 | D        | Reached skill level 12 in Unarmed Combat
   505 | D        | Reached XP level 7. HP: 35/35 MP: 8/8
   561 | D        | Noticed a two-headed ogre
   561 | D        | Noticed a centaur warrior
   561 | D        | Noticed a hungry ghost
   563 | D        | Reached skill level 13 in Unarmed Combat
   572 | D        | Killed a two-headed ogre
   587 | D        | Killed a centaur warrior
   587 | D        | Reached *** piety under Makhleb
   587 | D        | Reached skill level 5 in Stealth
   587 | D        | Reached skill level 15 in Unarmed Combat
   587 | D        | Reached skill level 1 in Evocations
   587 | D        | Reached XP level 8. HP: 36/40 MP: 9/9
   714 | D        | Noticed a hippogriff
   714 | D        | Noticed a spiny frog
   714 | D        | Noticed a hippogriff
   714 | D        | Noticed a blink frog
   715 | D        | Noticed a seven-headed hydra
   866 | D        | Reached **** piety under Makhleb
   873 | D        | Killed a hippogriff
   873 | D        | Reached XP level 9. HP: 40/43 MP: 11/11
   880 | D        | Reached skill level 16 in Unarmed Combat
   886 | D        | Killed a spiny frog
   898 | D        | Reached ***** piety under Makhleb
   918 | D        | Killed a seven-headed hydra
   918 | D        | Reached skill level 17 in Unarmed Combat
   983 | D        | Noticed a polar bear
   984 | D        | Noticed a spiny frog
   993 | D        | Noticed a fire crab
   994 | D        | Killed a polar bear
   994 | D        | Reached XP level 10. HP: 47/47 MP: 13/13
  1005 | D        | Reached skill level 18 in Unarmed Combat
  1013 | D        | Killed a spiny frog
  1420 | D        | Killed a fire crab
  1420 | D        | Reached ****** piety under Makhleb
  1494 | D        | Noticed a death yak
  1494 | D        | Noticed a death yak
  1498 | D        | Noticed a death yak
  1502 | D        | Killed a death yak
  1502 | D        | Reached skill level 19 in Unarmed Combat
  1510 | D        | Killed a death yak
  1514 | D        | Reached skill level 15 in Dodging
  1528 | D        | Killed a death yak
  1528 | D        | Reached skill level 20 in Unarmed Combat
  1534 | D        | Reached XP level 11. HP: 51/51 MP: 15/15
  1675 | D        | Noticed Maurice
  1682 | D        | Killed Maurice
  2036 | D        | Noticed an orc knight
  2040 | D        | Noticed an orc knight
  2056 | D        | Killed an orc knight
  2082 | D        | Reached skill level 21 in Unarmed Combat
  2106 | D        | Killed an orc knight
  2159 | D        | Found Ecympol's General Store.
  2159 | D        | Noticed a hill giant
  2159 | D        | Noticed an iron troll
  2159 | D        | Noticed an ogre mage
  2160 | D        | Noticed a deep troll
  2162 | D        | Killed a hill giant
  2166 | D        | Noticed a deep troll
  2197 | D        | Killed an iron troll
  2197 | D        | Reached skill level 10 in Stealth
  2203 | D        | Killed a deep troll
  2206 | D        | Reached skill level 22 in Unarmed Combat
  2215 | D        | HP: 1/51 [ogre mage/bolt of fire (23)]
  2227 | D        | Killed an ogre mage
  2227 | D        | Reached skill level 5 in Evocations
  2355 | D        | Killed a deep troll
  2359 | D        | Found Ithued's Jewellery Shoppe.
  2363 | D        | Found Lotziunk's Distillery.
  2367 | D        | Found Gofusch's Antique Armour Shoppe.
  2370 | D        | Noticed an ogre mage
  2371 | D        | Noticed a hill giant
  2372 | D        | Noticed an ogre mage
  2385 | D        | Killed an ogre mage
  2389 | D        | Killed an ogre mage
  2395 | D        | Killed a hill giant
  2399 | D        | Gained mutation: Your thick and shaggy fur keeps you warm. (AC +3, rC+) [Felid growth]
  2399 | D        | Reached XP level 12. HP: 52/55 MP: 17/17
  2450 | D        | Bought an uncursed amulet of guardian spirit for 420 gold pieces
  2454 | D        | Bought a +6 ring of protection for 1092 gold pieces
  2531 | D        | Noticed Josephine
  2552 | D        | Killed Josephine
  2552 | D        | Reached skill level 23 in Unarmed Combat
  2677 | D        | Killed from afar by a vampire
  2678 | D        | Reached XP level 11. HP: 0/51 MP: 16/16
  2948 | D        | Killed a deep elf mage
  2960 | D        | Noticed an ogre mage
  2963 | D        | Noticed an ogre mage
  2966 | D        | Noticed a tengu reaver
  2967 | D        | Noticed an ogre mage
  2972 | D        | Killed an ogre mage
  2980 | D        | Killed an ogre mage
  2986 | D        | Reached skill level 24 in Unarmed Combat
  2995 | D        | Killed a tengu reaver
  3001 | D        | Paralysed by an ogre mage for 4 turns
  3006 | D        | Killed an ogre mage
  3190 | D        | Noticed a merfolk impaler
  3190 | D        | Noticed an alligator snapping turtle
  3375 | D        | Killed a merfolk impaler
  3501 | D        | Reached XP level 12. HP: 56/56 MP: 17/17
  3552 | D        | Killed an alligator snapping turtle
  3552 | D        | Reached skill level 25 in Unarmed Combat
  3552 | D        | Reached skill level 1 in Invocations
  3803 | D        | Noticed an eight-headed hydra
  4002 | D        | Killed an eight-headed hydra
  4108 | D        | Noticed a spark wasp
  4134 | D        | Slain by a spark wasp
  4135 | D        | Reached XP level 11. HP: -3/52 MP: 16/16
  4164 | D        | HP: 2/52 [spark wasp (12)]
  4166 | D        | Killed a spark wasp
  4182 | D        | Demolished by a wolf spider

Skill      XL: |  1  2  3  4  5  6  7  8  9 10 11 12 |
---------------+-------------------------------------+-----
Dodging        | 5 7 9 10 12 13 15 17 18 | 18.6
Unarmed Combat | 6 8 11 12 15 17 20 24 25 | 25.6
Fighting       | 4 5 6 7 8 |  8.6
Stealth        | 1 2 5 8 9 11 12 | 12.3
Evocations     | 1 3 4 5 6 |  6.2
Invocations    | 4 |  4.5

Action                   |  1- 3 |  4- 6 |  7- 9 | 10-12 || total
-------------------------+-------+-------+-------+-------++-------
Melee: Unarmed           |    57 |    26 |    77 |   434 ||   594
       Punch             |     1 |     5 |    10 |    49 ||    65
       Bite              |       |     4 |     7 |    54 ||    65
Invok: Lesser Servant of |       |       |       |     2 ||     2
       Major Destruction |       |       |       |     1 ||     1
Evoke: Wand              |       |     2 |     5 |     9 ||    16
  Use: Potion            |     1 |     1 |     1 |     9 ||    12
 Stab: Sleeping          |       |       |     1 |     4 ||     5
       Distracted        |       |       |       |     2 ||     2
  Eat: Chunk             |       |       |     4 |       ||     4
Armor: Skin              |    10 |     2 |     4 |    15 ||    31
Dodge: Dodged            |    81 |    19 |    69 |   272 ||   441
